 Dungeon Crawl Stone Soup version 0.28-a0-802-g09f76e8c00 (webtiles) character file.

Game seed: 17693202404409788566

113 avis the Skirmisher (level 4, -2/38 HPs)
             Began as a Draconian Warper on Nov 6, 2021.
             Slain by Grinder (6 damage)
             ... while paralysed by Grinder
             ... on level 3 of the Dungeon.
             The game lasted 00:12:20 (2466 turns).

avis the Skirmisher (Draconian Warper)              Turns: 2466, Time: 00:12:20

Health: -2/38      AC:  5    Str: 20    XL:     4   Next: 65%
Magic:  8/8        EV:  2    Int: 14    God:
Gold:   98         SH:  0    Dex: 10    Spells: 7/9 levels left

rFire   . . .      SeeInvis .   b - +2 hand axe (freeze)
rCold   . . .      Faith    .   (no shield)
rNeg    . . .      Spirit   .   (armour unavailable)
rPois   .          Reflect  .   (helmet restricted)
rElec   .          Harm     .   (no cloak)
rCorr   .          Rampage  .   (no gloves)
Will    .....                   (no boots)
Stlth   +.........              (no amulet)
HPRegen 0.12/turn               j - +6 ring of strength
MPRegen 0.11/turn               (no ring)

@: paralysed
A: AC +5, unfitting armour, cold-blooded
a: no special abilities


You were on level 3 of the Dungeon.
You visited 1 branch of the dungeon, and saw 3 of its levels.

You collected 98 gold pieces.

Inventory:

Hand Weapons
 b - a +2 hand axe of freezing (weapon)
 m - a +4 dagger
 n - a +0 hunting sling
Missiles
 f - 5 boomerangs of dispersal (quivered)
 i - 99 stones
 o - 18 arrows
 q - 19 bolts
Armour
 g - a +0 pair of gloves
Jewellery
 j - a +6 ring of strength (left hand)
Scrolls
 a - a scroll of blinking
 c - a scroll of fear {unknown}
 d - 2 scrolls of identify {unknown}
 e - a scroll of fog {unknown}
 k - a scroll of holy word {unknown}
 l - a scroll of magic mapping {unknown}
Potions
 h - 2 potions of mutation {unknown}
 p - 2 potions of flight {unknown}
 r - a potion of heal wounds {unknown}
 s - a potion of lignification {unknown}
 t - a potion of invisibility {unknown}


   Skills:
 * Level 3.1 Fighting
 - Level 0.8 Throwing
 - Level 3.0 Dodging
 - Level 3.0 Unarmed Combat
 - Level 3.0 Spellcasting
 - Level 3.0 Translocations


You had 7 spell levels left.
You knew the following spells:

 Your Spells              Type           Power      Damage    Failure   Level
b - Blink                 Tloc           20%        N/A       10%         2

Your spell library contained the following spells:

 Spells                   Type           Power      Damage    Failure   Level
 Gell's Gravitas          Tloc           10%        N/A       19%         3
 Lesser Beckoning         Tloc           10%        N/A       19%         3
 Teleport Other           Tloc           10%        N/A       19%         3
 Magic Dart               Conj           8%         1d3       22%         1
 Searing Ray              Conj           4%         2d4       32%         2
 Manifold Assault         Tloc           10%        N/A       86%         5
 Animate Dead             Necr           1%         N/A       91%         4
 Borgnjor's Vile Clutch   Necr/Erth      1%         N/A       99%         5
 Death Channel            Necr           1%         N/A       100%        6
 Starburst                Conj/Fire      1%         6d3       100%        6


Dungeon Overview and Level Annotations

Branches:
Dungeon (3/15)

Altars:
Qazlal

Annotations:
D:3 Grinder


Innate Abilities, Weirdness & Mutations

Your plain brown scales are hard. (AC +5)
You cannot fit into any form of body armour.
You are cold-blooded and may be slowed by cold attacks.


Message History

You aren't carrying any items that you can evoke.
You slash Grinder! You tail-slap Grinder.
Grinder is moderately wounded.
Grinder misses you.
You closely miss Grinder.
Your tail-slap misses Grinder.
Grinder is lightly wounded.
Grinder blinks!
You hit Grinder.
You tail-slap Grinder, but do no damage.
Grinder is moderately wounded.
Grinder gestures at you.
You suddenly lose the ability to move!
Grinder hits you.
You writhe in agony.
Grinder hits you.
You writhe in agony.
Grinder hits you.
You can move again.
You slash Grinder! You tail-slap Grinder.
Grinder is heavily wounded.
Grinder misses you.
Grinder grins, showing sharp teeth.
Grinder hits you!
* * * LOW HITPOINT WARNING * * *
You writhe in agony.
* * * LOW HITPOINT WARNING * * *
You slash Grinder! You tail-slap Grinder.
Grinder is severely wounded.
Grinder gestures at you.
You shrug off the repeated paralysis!
You hit Grinder.
Grinder is almost dead.
Grinder gestures at you. You resist with significant effort.
You hit Grinder.
Grinder is almost dead.
Grinder gestures at you.
You suddenly lose the ability to move!
Grinder hits you.
* * * LOW HITPOINT WARNING * * *
Grinder hits you.
You die...

#.#.#..#...
#.#.#....##
#########.#.#.#.##
#.........# #.#.
#.######### # #.
#.# #. #.# ##
#.#.########
#...@5......
###.######## #.#
#.. ###


You could see Grinder.

Vanquished Creatures
  Terence (D:3)
  3 adders (D:2)
  2 worms (D:2)
  4 ball pythons
  4 endoplasms
  A giant cockroach (D:2)
  8 goblins
  5 hobgoblins
  6 jackals
  A quokka (D:1)
  3 bats
  5 frilled lizards
  5 kobolds
  5 rats
53 creatures vanquished.

Notes
Turn   | Place    | Note
-------+----------+-------------------------------------------
     0 | D:1      | avis the Draconian Warper began the quest for the Orb.
     0 | D:1      | Reached XP level 1. HP: 17/17 MP: 3/3
   276 | D:1      | Found a faded altar of an unknown god.
   288 | D:1      | Reached XP level 2. HP: 16/24 MP: 5/5
   932 | D:1      | Learned a level 2 spell: Blink
  1026 | D:2      | Reached XP level 3. HP: 31/31 MP: 6/6
  1246 | D:2      | Got Kouss's Tome of Confrontation
  1634 | D:2      | Reached XP level 4. HP: 37/38 MP: 8/8
  2197 | D:3      | Found a stormy altar of Qazlal.
  2349 | D:3      | Noticed Terence
  2364 | D:3      | Killed Terence
  2448 | D:3      | Noticed Grinder
  2457 | D:3      | Paralysed by Grinder for 4 turns
  2464 | D:3      | Paralysed by Grinder for 7 turns
  2466 | D:3      | Slain by Grinder

Illustrated notes

Levels and vault maps discovered:
D:1:      psy_arrival_terrarium, layout_basic, ebering_ecumenical_altar_box
D:2:      layout_basic, minmay_pentomino_q4
D:3:      layout_loops_ring, lemuel_doored_altar, minmay_quadrilaterals,
          uniq_grinder, uniq_terence

Skill      XL: |  1  2  3  4 |
---------------+-------------+-----
Unarmed Combat | 3 |  3.0
Fighting       | 3 |  3.1
Spellcasting   | 3 |  3.0
Dodging        | 3 |  3.0
Throwing       | |  0.8
Translocations | |  3.0

Action                   |  1- 3 |  4- 6 || total
-------------------------+-------+-------++-------
Melee: Unarmed           |    71 |       ||    71
       Tailslap          |    14 |     8 ||    22
       Hand axe          |    73 |    39 ||   112
       Punch             |     1 |       ||     1
Armor: Skin              |    37 |     9 ||    46
Dodge: Dodged            |   104 |    20 ||   124

Table legend: (Time is in decaauts)
 A = Elapsed time spent in this place.
 B = Non-inter-level travel time spent in this place.
 C = Inter-level travel time spent in this place.
 D = Time resting spent in this place.
 E = Time spent auto-exploring this place.
 F = Levels seen in this place.
 G = Mean time per level.
                   A        B        C        D        E       F      G
               +--------+--------+--------+--------+--------+-----+--------+
         Total |   2498 |   2331 |    167 |    681 |   1043 |   3 |  832.7 |
       Dungeon |   2498 |   2331 |    167 |    681 |   1043 |   3 |  832.7 |
               +--------+--------+--------+--------+--------+-----+--------+

Top non-repeatable levels by time:
     D:2: 1272 daAuts
     D:1: 987 daAuts
     D:3: 239 daAuts
